 Dungeon Crawl Stone Soup version 0.28-a0-662-g1651b1f1e0 (webtiles) character file.

Game seed: 8436051427840680385

66350 porpoise the Eclecticist (level 14, -2/78 HPs)
             Began as a Deep Elf Conjurer on Oct 14, 2021.
             Was a High Priest of Vehumet.
             Hit by a javelin thrown by a minotaur (30 damage)
             ... in a Gauntlet on Oct 15, 2021.
             The game lasted 02:16:10 (35510 turns).

porpoise the Eclecticist (Deep Elf Conjurer)       Turns: 35510, Time: 02:16:11

Health: -2/78      AC: 14    Str:  7    XL:     14   Next: 78%
Magic:  19/45      EV: 14    Int: 26    God:    Vehumet [*****.]
Gold:   3180       SH:  5    Dex: 13    Spells: 2/45 levels left

rFire   . . .      SeeInvis .   b - +1 hunting sling (freeze)
rCold   . . .      Faith    .   k - +0 buckler
rNeg    . . .      Spirit   .   L - +1 acid dragon scales
rPois   .          Reflect  .   n - +0 helmet
rElec   .          Harm     .   y - +0 cloak
rCorr   +          Rampage  .   x - +0 pair of gloves
Will    +....      NoTele   +   R - +2 pair of boots
Stlth   ++++++....              M - amulet of magic regeneration
HPRegen 0.23/turn               E - ring of magical power
MPRegen 0.54/turn               w - ring of Shadows {Umbra +Inv Stlth+}

@: slightly contaminated, wreathed by umbra, invisible
A: no striking features
a: Renounce Religion, Evoke Invisibility


You were in a Gauntlet.
You worshipped Vehumet.
Vehumet was extremely pleased with you.
You visited 3 branches of the dungeon, and saw 20 of its levels.
You also visited: Bailey, Gauntlet and Volcano.

You collected 3489 gold pieces.
You spent 309 gold pieces at shops.

Inventory:

Hand Weapons
 a - the +10 flail of Trauma {spect, rPois rF+ rN+ Int-4}
   (You found it on level 11 of the Dungeon)

   When its wielder attacks, the weapon's spirit leaps out and strikes again.
   The spirit shares a part of any damage it takes with its wielder.
   Int:       It affects your intelligence (-4).
   rF:        It protects you from fire.
   rPois:     It protects you from poison.
   rN:        It protects you from negative energy.
 b - a +1 hunting sling of freezing (weapon)
 G - the +8 whip "Koman" {venom, +Blink Will- Int+3}
   (You found it on level 8 of the Dungeon)

   It poisons the flesh of those it strikes.
   Int:       It affects your intelligence (+3).
   +Blink:    It lets you blink.
   Will:      It decreases your willpower.
Missiles
 f - 2 atropa-tipped darts
 m - 42 boomerangs
 q - 105 sling bullets (quivered ammo)
 V - 6 javelins
Armour
 k - a +0 buckler (worn)
 n - a +0 helmet (worn)
 x - a +0 pair of gloves (worn)
 y - a +0 cloak (worn)
 L - +1 acid dragon scales (worn)
 R - a +2 pair of boots (worn)
 W - the +0 helmet of the Cartwright {Will- Str+5 Dex+3}
   (You found it in a Gauntlet)

   Str:       It affects your strength (+5).
   Dex:       It affects your dexterity (+3).
   Will:      It decreases your willpower.
Jewellery
 w - the ring of Shadows (right hand) {Umbra +Inv Stlth+}
   (You found it on level 3 of the Lair of Beasts)

   [ring of stealth]

   It surrounds you with an aura of shadow, increasing your stealth and reducing
   the accuracy of all within it (including the wearer).
   +Inv:      It lets you turn invisible.
   Stlth:     It makes you more stealthy.
 E - a ring of magical power (left hand)
 I - a ring of protection from cold
 M - an amulet of magic regeneration (around neck)
 T - a ring of positive energy
Wands
 h - a wand of digging (7)
 j - a wand of polymorph (28)
 s - a wand of flame (70)
 D - a wand of iceblast (8)
 K - a wand of paralysis (4)
Scrolls
 e - 4 scrolls of blinking
 i - 3 scrolls of identify
 v - 3 scrolls of immolation
 C - a scroll of fear
 H - 3 scrolls of summoning
 J - a scroll of teleportation
 N - 2 scrolls of enchant armour
 P - 2 scrolls of torment
 Q - a scroll of fog
 S - a scroll of vulnerability {unknown}
 U - a scroll of amnesia
Potions
 c - 10 potions of curing
 d - 5 potions of haste
 g - 3 potions of brilliance
 l - 3 potions of flight
 p - 2 potions of magic
 r - 4 potions of attraction
 t - 3 potions of resistance
 u - a potion of berserk rage
 z - 2 potions of heal wounds
 A - 2 potions of lignification
 B - 2 potions of invisibility
 F - a potion of might
 O - 2 potions of ambrosia
Miscellaneous
 o - a tin of tremorstones (2/2)


   Skills:
 - Level 5.0 Fighting
 - Level 3.0 Armour
 - Level 9.0 Dodging
 - Level 7.0 Stealth
 - Level 4.0 Shields
 - Level 16.0 Spellcasting
 - Level 12.0 Conjurations
 - Level 14.0 Hexes
 + Level 10.7 Translocations
 + Level 10.1 Earth Magic
 - Level 5.0 Evocations


You had 2 spell levels left.
You knew the following spells:

 Your Spells              Type           Power      Damage    Failure   Level
a - Magic Dart            Conj           100%       1d8       1%          1
b - Searing Ray           Conj           100%       2d8       1%          2
c - Fulminant Prism       Conj/Hex       36%        3d18      1%          4
d - Iskenderun's Mystic   Conj/Tloc      68%        2d14      1%          4
f - Lehudib's Crystal Sp  Conj/Erth      34%        10d9      58%         8
i - Invisibility          Hex            38%        N/A       2%          6
l - Lee's Rapid Deconstr  Erth           32%        3d18*     1%          5
r - Spellforged Servitor  Conj/Summ      25%        N/A       58%         7
s - Stone Arrow           Conj/Erth      100%       3d13      1%          3
t - Tukima's Dance        Hex            76%        N/A       1%          3

Your spell library contained the following spells:

 Spells                   Type           Power      Damage    Failure   Level
 Apportation              Tloc           100%       N/A       1%          1
 Freeze                   Ice            80%        1d9       1%          1
 Sandblast                Erth           100%       2d20      1%          1
 Passwall                 Tmut/Erth      39%        N/A       1%          2
 Static Discharge         Conj/Air       51%        N/A       1%          2
 Animate Skeleton         Necr           40%        N/A       4%          1
 Beastly Appendage        Tmut           40%        N/A       4%          1
 Pain                     Necr           80%        1d8       4%          1
 Corpse Rot               Necr/Air       N/A        N/A       7%          2
 Sublimation of Blood     Necr           10%        N/A       7%          2
 Wereblood                Tmut           20%        N/A       7%          2
 Dazzling Flash           Conj/Hex       100%       N/A       1%          3
 Gell's Gravitas          Tloc           33%        N/A       1%          3
 Teleport Other           Tloc           66%        N/A       1%          3
 Hailstorm                Conj/Ice       51%        3d11      1%          4
 Passage of Golubria      Tloc           N/A        N/A       1%          4
 Yara's Violent Unravell  Hex/Tmut       27%        3d12      1%          5
 Frozen Ramparts          Ice            40%        1d6       3%          3
 Lightning Bolt           Conj/Air       25%        1d41      3%          5
 Silence                  Hex/Air        27%        N/A       7%          5
 Dispersal                Tloc           33%        N/A       9%          6
 Spider Form              Tmut/Pois      10%        N/A       13%         3
 Vampiric Draining        Necr           10%        2d7       13%         3
 Dispel Undead            Necr           20%        3d11      41%         4
 Agony                    Necr           20%        N/A       77%         5
 Alistair's Intoxication  Tmut/Pois      13%        N/A       77%         5
 Death Channel            Necr           10%        N/A       100%        6
 Summon Hydra             Summ           10%        N/A       100%        7
 Maxwell's Capacitive Co  Air            10%        ∞         100%        8


Dungeon Overview and Level Annotations

Branches:
Dungeon (14/15)            Temple (1/1) D:7            Lair (5/6) D:9
  Swamp (0/4) Lair:4       Spider (0/4) Lair:4        Slime (0/5) Lair:5
    Orc (0/2) D:10         Vaults (0/5) D:13         Bailey (visited)
Volcano (visited)         Gauntlet (1/1)

Altars:
Ashenzari
Cheibriados
Dithmenos
Elyvilon
Fedhas
Gozag
Hepliaklqana
Kikubaaqudgha
Makhleb
Nemelex Xobeh
Okawaru
Qazlal
Ru
Sif Muna
Trog
Uskayaw
Vehumet
Wu Jian
Xom
Yredelemnul
Zin
The Shining One

Shops:
D:5 :   D:11 (   D:12 *

Annotations:
Gauntlet 6 transporters


Message History

Casting: Lee's Rapid Deconstruction (dangerous; 1% risk of failure)
Confirm with . or Enter, or press ? or * to list all spells.
You erupt in a blast of force!
The mystic blast hits the minotaur zombie!
The minotaur zombie is moderately damaged.
The minotaur zombie is knocked back by the mystic blast.
Unknown command.
The minotaur throws a javelin.
The javelin pierces through you!!
Casting: Iskenderun's Mystic Blast (safe; 1% risk of failure)
Confirm with . or Enter, or press ? or * to list all spells.
Aiming: Lee's Rapid Deconstruction (dangerous; 1% risk of failure)
Press: ? - help, Dir - move target A metal wall.
The metal wall shatters!
The blast of metal fragments hits the minotaur zombie!!
The minotaur zombie is heavily damaged.
The blast of metal fragments hits the minotaur!
The minotaur is lightly wounded.
Casting: Lee's Rapid Deconstruction (dangerous; 1% risk of failure)
Confirm with . or Enter, or press ? or * to list all spells.
You erupt in a blast of force!
The mystic blast hits the minotaur but does no damage.
The minotaur is lightly wounded.
Unknown command.
Casting: Iskenderun's Mystic Blast (safe; 1% risk of failure)
Confirm with . or Enter, or press ? or * to list all spells.
You erupt in a blast of force!
The mystic blast hits the minotaur!
The minotaur is moderately wounded.
The minotaur is knocked back by the mystic blast.
The minotaur collides with the minotaur zombie!
Unknown command.
Casting: Iskenderun's Mystic Blast (safe; 1% risk of failure)
Confirm with . or Enter, or press ? or * to list all spells.
Aiming: Fulminant Prism (safe; 1% risk of failure)
Press: ? - help, Dir - move target You conjure a prism of explosive energy!
A fulminant prism comes into view.
The minotaur throws a javelin.
The javelin pierces through you!
The minotaur throws a javelin.
The javelin pierces through you!!
You die...

.#..#.#..#..##......
# .#5.#.#.!#...#.8.#
.# .#525....#.∩.#...#
..
.#########...#.©.##H#
.....#.....8.#Z.H...#
.#########...#*©.##.#
.#.##....#.∩.#...#
.#..##..##...#.8.##.#
.#...#.###..##..@...#
©#.##.##§#.###.8.##.#
####.#...#.≈##...# ..
.##..##..#.≈≈#.8.# ##
.#...©##.#.≈##...#
.#########.#######
...........≈#
≈#≈≈≈#≈≈≈#≈≈≈#
###≈###≈###≈##


You could see a minotaur, a minotaur zombie (wandering, ally target) and a
friendly fulminant prism.

Vanquished Creatures
  A great orb of eyes (shapeshifter) (D:10)
  Fannar (D:10)
  2 boulder beetles
  4 centaur warriors
  3 hydras
  12 two-headed ogres
  A death knight (D:14)
  A fire crab (Volcano)
  Pikel (D:6)
  2 bog bodies (Lair:4)
  2 lindwurms
  An orc knight (Bailey)
  2 ugly things
  3 necromancers
  An oklob plant (Lair:3)
  4 deep elf pyromancers
  A cyclops (D:11)
  2 manticores
  4 black mambas
  10 elephants
  A torpor snail (Gauntlet)
  3 kobold demonologists
  16 cane toads
  3 rime drakes
  A rime drake (shapeshifter) (D:14)
  4 komodo dragons
  An unseen horror (D:12)
  An efreet (D:13)
  A yaktaur (D:13)
  2 tengu conjurers (D:14)
  A burning bush (Lair:1)
  A troll (D:13)
  3 meliai (D:13)
  A wolf spider simulacrum (Gauntlet)
  2 hornets (D:9)
  Prince Ribbit (D:9)
  11 slime creatures
  13 blink frogs
  A centaur simulacrum (Gauntlet)
  2 vampires (D:13)
  Sigmund (D:3)
  4 shadows
  5 wraiths
  A water elemental (D:13)
  14 fire bats (Volcano)
  20 humans (D:13)
  3 wyverns
  4 basilisks
  Grum (D:11)
  32 yaks
  4 vampire mosquitoes (D:12)
  3 steam dragons
  An acid dragon (D:8)
  A hydra simulacrum (Gauntlet)
  9 water moccasins
  Duvessa (D:7)
  A hell hound (Volcano)
  A sky beast (D:8)
  2 necrophages
  6 orc warriors
  3 black bears
  4 ice beasts
  8 wolves
  3 ogres
  3 boggarts (D:11)
  10 centaurs
  A lemure (D:6)
  A phantom (D:6)
  2 kobold brigands
  19 bullfrogs
  3 scorpions
  2 gnoll sergeants
  A wyvern zombie (D:6)
  A water moccasin zombie (D:5)
  Dowan (D:7)
  16 killer bees
  13 wights
  6 howler monkeys
  4 electric eels
  2 bullfrog zombies
  6 lava snakes (Volcano)
  4 jellies
  A centaur zombie (D:8)
  8 orc priests
  4 hounds
  A bullfrog skeleton (D:6)
  2 gnoll shamans
  Jessica (D:2)
  5 hell rats (Lair:5)
  Natasha (D:2)
  11 orc wizards
  A hound skeleton (D:4)
  2 howler monkey zombies (D:8)
  13 gnolls
  A howler monkey skeleton (D:5)
  8 adders
  2 shadow imps
  5 ufetubi
  An adder skeleton (D:5)
  4 worms
  A dart slug (D:5)
  33 orcs
  5 bats
  9 endoplasms
  4 giant cockroaches
  9 goblins
  10 hobgoblins
  3 jackals (D:1)
  32 kobolds
  3 quokkas
  10 ball pythons
  3 frilled lizards
  11 rats
558 creatures vanquished.

Vanquished Creatures (others)
  A vault guard (D:13)
  2 water elementals (D:13)
  A water moccasin (Lair:5)
  A human (D:7)
  A centaur (D:14)
  75 fulminant prisms
  18 fungi
  54 plants
153 creatures vanquished.

Grand Total: 711 creatures vanquished

Notes
Turn   | Place    | Note
-------+----------+-------------------------------------------
     0 | D:1      | porpoise the Deep Elf Conjurer began the quest for the Orb.
     0 | D:1      | Reached XP level 1. HP: 10/10 MP: 6/6
   276 | D:1      | Reached XP level 2. HP: 15/15 MP: 2/8
   358 | D:1      | Learned a level 2 spell: Searing Ray
  1049 | D:2      | Reached skill level 4 in Spellcasting
  1049 | D:2      | Reached skill level 5 in Conjurations
  1049 | D:2      | Reached XP level 3. HP: 19/19 MP: 5/10
  1203 | D:2      | Noticed Jessica
  1206 | D:2      | Killed Jessica
  1349 | D:2      | Reached XP level 4. HP: 24/24 MP: 9/12
  1398 | D:2      | Learned a level 4 spell: Fulminant Prism
  1403 | D:2      | Learned a level 4 spell: Iskenderun's Mystic Blast
  1449 | D:2      | Noticed Natasha
  1456 | D:2      | Killed Natasha
  1457 | D:2      | Reached skill level 5 in Spellcasting
  1457 | D:2      | Reached skill level 1 in Hexes
  2008 | D:3      | Noticed Sigmund
  2012 | D:3      | Killed Sigmund
  2013 | D:3      | Reached skill level 6 in Spellcasting
  2013 | D:3      | Reached XP level 5. HP: 21/28 MP: 8/15
  2013 | D:3      | Reached XP level 6. HP: 24/32 MP: 9/17
  2283 | D:3      | Reached skill level 7 in Spellcasting
  2283 | D:3      | Reached skill level 5 in Hexes
  2729 | D:3      | Found a stormy altar of Qazlal.
  2764 | D:3      | Learned a level 3 spell: Stone Arrow
  3237 | D:3      | Found a faded altar of an unknown god.
  3845 | D:4      | Reached skill level 1 in Translocations
  4144 | D:4      | Reached XP level 7. HP: 36/36 MP: 13/19
  5001 | D:4      | Noticed a moth of wrath
  5198 | D:4      | Found a bloodstained altar of Trog.
  5608 | D:4      | Found an iron altar of Okawaru.
  5719 | D:5      | Entered Level 5 of the Dungeon
  6079 | D:5      | Found Ofaeschi's Book Shoppe.
  6548 | D:5      | Reached skill level 5 in Translocations
  6548 | D:5      | Reached skill level 1 in Earth Magic
  6548 | D:5      | Reached XP level 8. HP: 41/41 MP: 10/20
  7356 | D:5      | Reached skill level 5 in Earth Magic
  8561 | D:6      | Reached skill level 8 in Spellcasting
  9456 | D:6      | Reached XP level 9. HP: 31/45 MP: 13/23
  9599 | D:6      | Reached skill level 9 in Spellcasting
  9603 | D:6      | Reached skill level 1 in Fighting
  9917 | D:6      | Noticed Pikel
  9927 | D:6      | Killed Pikel
  9928 | D:6      | Reached skill level 10 in Spellcasting
 11007 | D:7      | Found an ancient bone altar of Kikubaaqudgha.
 11032 | D:7      | Found a staircase to the Ecumenical Temple.
 11032 | D:7      | Noticed Dowan
 11045 | D:7      | Killed Dowan
 11243 | Temple   | Entered the Ecumenical Temple
 11307 | Temple   | Became a worshipper of Vehumet
 11405 | D:7      | Reached skill level 11 in Spellcasting
 11440 | D:7      | Noticed Duvessa
 11444 | D:7      | Killed Duvessa
 11916 | D:7      | Found a shadowy altar of Dithmenos.
 11923 | D:7      | Found a snail-covered altar of Cheibriados.
 12003 | D:8      | Identified the +8 whip "Koman" {venom, +Blink Will- Int+3}
 12163 | D:8      | Reached XP level 10. HP: 58/58 MP: 23/27
 12509 | D:8      | Reached skill level 5 in Fighting
 12521 | D:8      | Noticed a two-headed ogre
 12531 | D:8      | Killed a two-headed ogre
 12532 | D:8      | Reached skill level 12 in Spellcasting
 12644 | D:8      | Identified the +2 short sword of Bloody Death {freeze,
                  | Fragile rElec rN+++ Will- Int+3}
 12649 | D:8      | Reached skill level 5 in Dodging
 12766 | D:8      | Reached * piety under Vehumet
 12766 | D:8      | Offered knowledge of Shock by Vehumet.
 13004 | D:8      | Noticed a centaur warrior
 13008 | D:8      | Killed a centaur warrior
 13233 | D:8      | Noticed a two-headed ogre
 13236 | D:8      | Noticed a brown ugly thing
 13241 | D:8      | Killed a two-headed ogre
 13256 | D:8      | Reached skill level 1 in Evocations
 13260 | D:8      | Killed a brown ugly thing
 14070 | D:8      | Noticed a deep elf pyromancer
 14079 | D:8      | Killed a deep elf pyromancer
 14080 | D:8      | Reached XP level 11. HP: 63/63 MP: 28/29
 14605 | D:8      | Noticed a two-headed ogre
 14610 | D:8      | Killed a two-headed ogre
 15341 | D:9      | Reached skill level 5 in Evocations
 15480 | D:9      | Identified a scroll of acquirement
 15480 | D:9      | Acquired 1063 gold pieces
 15648 | D:9      | Found an ornate altar of the Wu Jian Council.
 15735 | D:9      | Noticed Prince Ribbit
 15742 | D:9      | Killed Prince Ribbit
 16223 | D:9      | Found a staircase to the Lair.
 16346 | D:9      | Offered knowledge of Scorch by Vehumet.
 16659 | D:9      | Found an opulent altar of Gozag.
 16776 | D:10     | Entered Level 10 of the Dungeon
 16776 | D:10     | Found a staircase to the Orcish Mines.
 16778 | D:10     | Noticed a sun demon
 16783 | D:10     | Noticed Fannar
 16786 | D:10     | Reached skill level 5 in Stealth
 17036 | D:10     | Reached ** piety under Vehumet
 17045 | D:10     | Killed Fannar
 17046 | D:10     | Reached skill level 13 in Spellcasting
 17379 | D:10     | Noticed a two-headed ogre
 17390 | D:10     | Killed a two-headed ogre
 17396 | D:10     | Noticed a swamp dragon
 17831 | Lair:1   | Entered Level 1 of the Lair of Beasts
 18312 | Lair:1   | Reached skill level 14 in Spellcasting
 18813 | Lair:1   | Reached XP level 12. HP: 68/68 MP: 32/32
 19134 | Lair:1   | You fall into a shaft and drop 1 floor!
 19790 | Lair:2   | Offered knowledge of Conjure Flame by Vehumet.
 20288 | Lair:1   | Upgraded the game from 0.28-a0-657-g71136c5590 to
                  | 0.28-a0-662-g1651b1f1e0
 20309 | Lair:3   | Found the ring of Shadows {Umbra +Inv Stlth+}
 20801 | Lair:3   | Reached *** piety under Vehumet
 20971 | Lair:3   | Found a dark tunnel.
 20994 | Volcano  | Entered a volcano
 21334 | Volcano  | Offered knowledge of Ignite Poison by Vehumet.
 21554 | Volcano  | Reached skill level 10 in Hexes
 21964 | Volcano  | Found a radiant altar of Vehumet.
 21991 | Volcano  | Found a burning altar of Makhleb.
 22019 | Volcano  | Identified the +1 scale mail of the Unbroken {Dex+4}
 22299 | Lair:3   | Reached **** piety under Vehumet
 22312 | Lair:3   | Reached skill level 1 in Armour
 22365 | Lair:3   | Reached XP level 13. HP: 71/72 MP: 33/33
 22610 | Lair:3   | Offered knowledge of Lee's Rapid Deconstruction by Vehumet.
 22617 | Lair:3   | Learned a level 5 spell: Lee's Rapid Deconstruction
 23457 | Lair:4   | Reached skill level 10 in Conjurations
 23652 | Lair:4   | Found a hole to the Spider Nest.
 23880 | Lair:4   | Found a staircase to the Swamp.
 25681 | Lair:5   | Found a staircase to the Slime Pits.
 27113 | D:10     | Found a burning altar of Makhleb.
 28064 | D:11     | Found a flagged portal.
 28073 | Bailey   | Entered a bailey
 28246 | Bailey   | Reached ***** piety under Vehumet
 28549 | Bailey   | Offered knowledge of Ozocubu's Refrigeration by Vehumet.
 29180 | D:11     | You fall into a shaft and drop 1 floor!
 29864 | D:11     | Noticed Grum
 29868 | D:11     | Killed Grum
 30013 | D:11     | Found Geaw's Weapon Emporium.
 30226 | D:11     | Identified the +10 flail of Trauma {spect, rPois rF+ rN+
                  | Int-4}
 30341 | D:11     | Learned a level 3 spell: Tukima's Dance
 30348 | D:11     | Learned a level 6 spell: Invisibility
 31204 | D:12     | Reached XP level 14. HP: 78/78 MP: 34/34
 31433 | D:12     | Reached skill level 15 in Spellcasting
 32357 | D:12     | Found Bazizoysch's Assorted Antiques.
 32362 | D:12     | Bought a golden potion for 29 gold pieces
 32362 | D:12     | Bought a scroll labelled WONAAN ZIQ ADO for 33 gold pieces
 32362 | D:12     | Bought a pair of embroidered boots for 247 gold pieces
 32949 | D:13     | Reached skill level 1 in Shields
 34286 | D:13     | Found a gate to the Vaults.
 34297 | D:13     | Reached skill level 16 in Spellcasting
 34679 | D:14     | HP: 3/78 [centaur warrior/arrow (15)]
 34683 | D:14     | Reached skill level 10 in Translocations
 34705 | D:14     | Found a gate leading to a gauntlet.
 34724 | Gauntlet | Entered a Gauntlet
 34724 | Gauntlet | Found a transporter.
 34724 | Gauntlet | Found a transporter.
 35025 | Gauntlet | Found a transporter.
 35029 | Gauntlet | Found a transporter.
 35041 | Gauntlet | Found a transporter.
 35052 | Gauntlet | Found a transporter.
 35066 | Gauntlet | Found a transporter.
 35084 | Gauntlet | Found a transporter.
 35085 | Gauntlet | Found a transporter.
 35093 | Gauntlet | Found a transporter.
 35097 | Gauntlet | Found a transporter.
 35391 | Gauntlet | Found a transporter.
 35414 | Gauntlet | Reached skill level 10 in Earth Magic
 35464 | Gauntlet | Offered knowledge of Spellforged Servitor by Vehumet.
 35473 | Gauntlet | Learned a level 7 spell: Spellforged Servitor
 35482 | Gauntlet | Learned a level 8 spell: Lehudib's Crystal Spear
 35494 | Gauntlet | Identified the +0 helmet of the Cartwright {Will- Str+5
                  | Dex+3}
 35498 | Gauntlet | Identified the +2 plate armour of Foolhardiness {MP+9
                  | Dex+4}
 35498 | Gauntlet | Identified the amulet of Ugalov {Reflect Rampage rElec rC++
                  | Str-3 SH+5}
 35510 | Gauntlet | Hit by a javelin thrown by a minotaur

Illustrated notes

Levels and vault maps discovered:
D:1:      mainiacjoe_arrival_reflecting_pool, layout_loops_ring,
          kennysheep_pointless_box
D:2:      layout_rooms, uniq_natasha, uniq_jessica
D:3:      layout_loops_corners, nicolae_qazlal_scattered_showers,
          ebering_ecumenical_altar_petrified, minmay_pentomino_pile,
          uniq_sigmund
D:4:      layout_basic, kennysheep_mini_moat, tgw_trog, st_stairs_1
D:5:      minmay_thinvault, layout_gridville, nicolae_stop_n_shop_1
D:6:      kennysheep_six_static_rooms, layout_loops_corners,
          small_statue_intersection, kennysheep_generic_room_7, uniq_pikel
D:7:      layout_rooms, tgw_kikubaaqudgha, mainiacjoe_overflow_large_starburst,
          minmay_temple_entry_tees, st_stairs_2, uniq_duvessa
D:8:      minmay_imperfect_grid, layout_basic
D:9:      layout_roguey, mainiacjoe_overflow_six_doors_small,
          mainiacjoe_overflow_surrounded_room, lair_entry_dummy,
          uniq_prince_ribbit1
D:10:     layout_cave_pods, lightli_temple_of_fire, david_orc_3, uniq_fannar
D:11:     layout_basic, enter_bailey_8, serial_shops, shop, uniq_grum
D:12:     layout_basic, serial_shops, kennysheep_little_box,
          kb_lookout_dungeons_type
D:13:     layout_rooms, grunt_vaults_entry_tiered, serial_bayou,
          serial_bayou_shore_a, serial_bayou_pond_d, serial_bayou_pond_b,
          serial_bayou_ford_a
D:14:     layout_layer_cave, nicolae_wwwww, enter_trove_3,
          gauntlet_entry_generic
Temple:   dshaligram_water_room_temple
Lair:1:   layout_cave_pods, evilmike_ambush [evilmike_ambush_outer_pillars,
          evilmike_ambush_inner_cross], infiniplex_staircase_pool
Lair:2:   layout_hall_layers
Lair:3:   layout_cave_pods, nicolae_volcano_entry_vermiform, grunt_megastairs_1
Lair:4:   layout_roguey, skrybe_swamp_entry_bodies, spider_nest_entry_web_field,
          infiniplex_staircase_pool_2
Lair:5:   layout_cave_pods, nicolae_slime_entry_slimehenge, beast_lair_carwin_11
Gauntlet: minmay_gauntlet_77_indecision [minmay_gauntlet_arena_77_hold_the_fort,
          minmay_gauntlet_arena_77_braids,
          minmay_gauntlet_arena_77_radiant_squares,
          minmay_gauntlet_arena_77_double_cross,
          minmay_gauntlet_arena_77_chump_sandwich, minmay_gauntlet_arena_77_fan,
          gauntlet_exit_hidden_loot]

Skill      XL: |  1  2  3  4  5  6  7  8  9 10 11 12 13 14 |
---------------+-------------------------------------------+-----
Spellcasting   | 4 6 7 8 11 12 14 16 | 16.0
Conjurations   | 5 6 7 9 12 | 12.0
Hexes          | 4 5 7 9 12 13 14 | 14.0
Translocations | 2 5 6 7 9 10 | 10.7
Earth Magic    | 1 5 7 9 10 | 10.1
Fighting       | 4 5 |  5.0
Dodging        | 7 9 |  9.0
Evocations     | 3 5 |  5.0
Stealth        | 7 |  7.0
Armour         | 1 3 |  3.0
Shields        | 4 |  4.0

Action                   |  1- 3 |  4- 6 |  7- 9 | 10-12 | 13-15 || total
-------------------------+-------+-------+-------+-------+-------++-------
Melee: Whip              |       |       |       |       |     4 ||     4
 Fire: Hunting sling     |       |    15 |    87 |    93 |   133 ||   328
 Cast: Magic Dart        |    50 |    57 |     3 |     1 |       ||   111
       Searing Ray       |     1 |    20 |    66 |    42 |    13 ||   142
       Iskenderun's Myst |       |       |    18 |    58 |    92 ||   168
       Fulminant Prism   |       |       |     5 |    26 |    45 ||    76
       Stone Arrow       |       |       |    26 |   122 |   176 ||   324
       Lee's Rapid Decon |       |       |       |       |    23 ||    23
       Invisibility      |       |       |       |       |     8 ||     8
Evoke: Wand              |       |       |       |     1 |    14 ||    15
  Use: Scroll            |       |       |     8 |    18 |    10 ||    36
       Potion            |       |       |       |     1 |     3 ||     4
Armor: Robe              |       |     5 |    22 |    10 |       ||    37
       Acid dragon scale |       |       |       |    21 |    28 ||    49
Dodge: Dodged            |     3 |    15 |    42 |    68 |   104 ||   232
Block: Buckler           |       |       |       |       |     9 ||     9

Table legend: (Time is in decaauts)
 A = Elapsed time spent in this place.
 B = Non-inter-level travel time spent in this place.
 C = Inter-level travel time spent in this place.
 D = Time resting spent in this place.
 E = Time spent auto-exploring this place.
 F = Levels seen in this place.
 G = Mean time per level.
                   A        B        C        D        E       F      G
               +--------+--------+--------+--------+--------+-----+--------+
         Total |  35664 |  34349 |   1315 |  18274 |  11775 |  23 | 1550.6 |
       Dungeon |  24512 |  23673 |    839 |  13092 |   8034 |  14 | 1750.9 |
        Temple |    193 |    177 |     16 |    110 |     43 |   1 |  193.0 |
          Lair |   8077 |   7617 |    460 |   3345 |   3372 |   5 | 1615.4 |
        Bailey |   1033 |   1033 |      0 |    596 |    180 |   1 | 1033.0 |
       Volcano |   1049 |   1049 |      0 |    739 |     21 |   1 | 1049.0 |
      Gauntlet |    797 |    797 |      0 |    392 |    124 |   1 |  797.0 |
               +--------+--------+--------+--------+--------+-----+--------+

Top non-repeatable levels by time:
     D:8: 3226 daAuts
     D:6: 2955 daAuts
     D:9: 2542 daAuts
     D:5: 2274 daAuts
     D:4: 2141 daAuts
  Lair:5: 2068 daAuts
    D:12: 2063 daAuts
  Lair:1: 2043 daAuts
    D:11: 1950 daAuts
     D:3: 1699 daAuts
  Lair:4: 1604 daAuts
    D:13: 1451 daAuts
  Lair:3: 1431 daAuts
    D:10: 1371 daAuts
 Volcano: 1049 daAuts
